 Dungeon Crawl Stone Soup version 0.22-a0-362-g535178c (webtiles) character file.

182 iamserjio the Insei (level 5, -5/44 HPs)
             Began as a Naga Transmuter on Apr 20, 2018.
             Was an Initiate of Cheibriados.
             Slain by an ice beast (6 damage)
             ... on level 3 of the Dungeon.
             The game lasted 00:13:27 (3858 turns).

iamserjio the Insei (Naga Transmuter)               Turns: 3858, Time: 00:13:28

Health: -5/44      AC:  3    Str: 13    XL:     5   Next: 62%
Magic:  8/8        EV: 10    Int: 15    God:    Cheibriados [......]
Gold:   124        SH:  0    Dex: 13    Spells: 7/8 levels left

rFire    . . .     SeeInvis +     - Unarmed
rCold    . . .     Gourm    .   (no shield)
rNeg     . . .     Faith    .   b - +0 robe
rPois    +         Spirit   .   (no helmet)
rElec    .         Reflect  .   c - +0 cloak
rCorr    .         Harm     .   (no gloves)
MR       .....                  (no barding)
Stlth    ++........             (no amulet)
HPRegen  0.14/turn              (no ring)
MPRegen  0.11/turn              (no ring)

@: about to teleport, short of breath, very slow
A: large, see invisible, deformed body, poison resistance, slowness 2, slow
metabolism 1, spit poison 1, AC +1
a: Spit Poison, Bend Time, Renounce Religion


You were on level 3 of the Dungeon.
You worshipped Cheibriados.
Cheibriados was noncommittal.
You were not hungry.

You visited 1 branch of the dungeon, and saw 4 of its levels.

You collected 124 gold pieces.

Inventory:

Missiles
 a - 12 arrows
 e - 99 stones (quivered)
Armour
 b - a +0 robe (worn)
 c - a +0 cloak (worn)
 p - a +0 ring mail
Scrolls
 g - 4 scrolls of teleportation
 k - 2 scrolls of enchant armour {unknown}
 n - a scroll of noise {unknown}
 r - a scroll of blinking
 s - a scroll of enchant weapon
Potions
 h - a potion of lignification
 i - a potion of haste {unknown}
 j - 7 potions of curing
 l - a potion of magic {unknown}
 m - a potion of brilliance {unknown}
 o - a potion of flight {unknown}
Comestibles
 d - 8 rations
 f - a chunk of flesh


   Skills:
 - Level 1.0 Fighting
 - Level 1.5 Dodging
 + Level 3.9 Stealth
 * Level 4.8 Unarmed Combat
 - Level 2.0 Spellcasting
 + Level 3.2 Transmutations


You had 7 spell levels left.
You knew the following spells:

 Your Spells              Type           Power        Failure   Level  Hunger
a - Beastly Appendage     Tmut           ##....       6%          1    #......


Dungeon Overview and Level Annotations

Branches:
Dungeon (4/15)
 Temple: D:4-7

Altars:
Cheibriados

Annotations:
D:3 Totori's ghost, amateur HuSk


Innate Abilities, Weirdness & Mutations

You cannot wear boots.
Your serpentine skin is tough. (AC +1)
You have supernaturally acute eyesight. (SInv)
Armour fits poorly on your strangely shaped body.
Your system is resistant to poisons. (rPois)
You cover ground very slowly.
You have a slow metabolism.
You can spit poison.


Message History

Unknown command.
Unknown command.
Press: ? - help, v - describe, . - travel
Here: an ice beast (heavily wounded)
The floor.
You aren't carrying any items that you can evoke.
Unknown command.
As you read the scroll of teleportation, it crumbles to dust.
You feel strangely unstable. The ice beast hits you. The ice beast freezes you.
Press: ? - help, Shift-Dir - straight line, f - ice beast
Aim: an ice beast (heavily wounded)
The splash of poison hits the ice beast.
The ice beast is severely wounded.
You feel slightly more hungry. The ice beast hits you.
The ice beast freezes you!
* * * LOW HITPOINT WARNING * * *
The ice beast hits you.
* * * LOW HITPOINT WARNING * * *
The ice beast freezes you.
You die...

#.....# ....##.......##
#.##### (...##...##....
#.#...##....##...##..##
#.#.........##.........
#.#.....######......... #
#.#...)................
#.##.#.....######.........
#......####### #>........
####.###.@Y..# ##########
#....# #.###.#############
#....#.# #. #..............
###.##.#.......#############
#. #.........# # ###.......#
#.......# #.......# .......#


You could see an ice beast.

Vanquished Creatures
  A centaur skeleton (D:4)
  2 worker ants (D:4)
  3 adders
  3 worms (D:2)
  4 dart slugs
  2 leopard geckos
  8 bats
  4 giant cockroaches
  10 goblins
  3 hobgoblins
  3 jackals (D:2)
  5 kobolds
  7 frilled lizards
  A quokka skeleton (D:4)
  5 rats
61 creatures vanquished.

Notes
Turn   | Place    | Note
-------+----------+-------------------------------------------
     0 | D:1      | iamserjio the Naga Transmuter began the quest for the Orb.
     0 | D:1      | Reached XP level 1. HP: 18/18 MP: 3/3
   124 | D:1      | Reached skill level 1 in Stealth
   367 | D:1      | Reached XP level 2. HP: 25/25 MP: 5/5
  1099 | D:2      | Reached XP level 3. HP: 23/31 MP: 6/6
  2085 | D:2      | Reached skill level 4 in Unarmed Combat
  2085 | D:2      | Reached XP level 4. HP: 36/38 MP: 7/7
  2360 | D:2      | Found a snail-covered altar of Cheibriados.
  2371 | D:2      | Became a worshipper of Cheibriados the Contemplative
  2952 | D:3      | Noticed Totori's ghost (amateur HuSk)
  3156 | D:4      | Reached XP level 5. HP: 35/44 MP: 8/8
  3841 | D:3      | Noticed an ice beast
  3858 | D:3      | HP: 1/44 [ice beast (2)]
  3858 | D:3      | Slain by an ice beast

Vault maps used:
D:1:      minmay_arrival_doors, minmay_misc_feat_more_columns
D:2:      lemuel_crystal_altar, serial_park_tiny_1
D:3:      uniq_terence, uniq_jessica
D:4:      temple_fountains, first_ration, grunt_decor_cap, uniq_ijyb

Skill      XL: |  1  2  3  4 |
---------------+-------------+-----
Stealth        | 1 2 3 |  3.9
Unarmed Combat | 4 |  4.8
Transmutations | 3 |  3.2
Fighting       | |  1.0
Dodging        | |  1.5
Spellcasting   | |  2.0

Action                   |  1- 3 |  4- 6 || total
-------------------------+-------+-------++-------
Melee: Unarmed           |   109 |    82 ||   191
       Punch             |     2 |     1 ||     3
 Cast: Beastly Appendage |     1 |       ||     1
 Abil: Spit Poison       |    24 |    15 ||    39
  Use: Scroll            |       |     6 ||     6
 Stab: Distracted        |     1 |       ||     1
       Sleeping          |     2 |     2 ||     4
  Eat: Chunk             |     3 |     6 ||     9
Armor: Robe              |    24 |     8 ||    32
Dodge: Dodged            |    67 |    44 ||   111

Table legend:
 A = Spawn XP
 B = Non-spawn XP
 C = Spawn XP percentage of total XP
 D = Spawn monster count
 E = Non-spawn monster count
 F = Spawn count percentage of total count
 G = Total turns spent on level
                    A         B        C        D         E        F      G
               +---------+---------+-------+---------+---------+-------+---------
         Total |       0 |     261 |   0.0 |       0 |      61 |   0.0 |  3858
               +---------+---------+-------+---------+---------+-------+---------
           D:1 |       0 |      26 |   0.0 |       0 |      16 |   0.0 |   970
           D:2 |       0 |      93 |   0.0 |       0 |      32 |   0.0 |  1954
           D:3 |       0 |      25 |   0.0 |       0 |       8 |   0.0 |   432
           D:4 |       0 |     117 |   0.0 |       0 |       5 |   0.0 |   502
               +---------+---------+-------+---------+---------+-------+---------
